AoeStats
← Антон Романович

Arena

510372723Analyzed
1v1 RM · 8h ago on Sep 30, 2026· 72m 13s· 2 players
Game mode
Random Map
Map size
Tiny (2 player)
Population
200
Speed
Normal
Resources
Standard
Victory
Conquest
Starting age
Dark Age
Ending age
Imperial Age
RankedLock teamsTeams togetherTeam positionsShared explorationLock speedFull tech treeHidden civsTurbo modeCheats
Victory
Defeat
737
+16
🇫🇷 Persians · France
731
-16
ACHRAF
8:40 Feudal Age
9:56 Wheelbarrow
9:13 Horse Collar
9:34 Double-Bit Axe
18:03 Castle Age
19:52 Bow Saw
20:08 Hand Cart
20:10 Gold Mining
27:16 Gold Shaft Mining
26:32 Stone Mining
26:46 Heavy Plow
32:03 Imperial Age
31:53 Stone Shaft Mining
31:53 Ballistics
31:45 Masonry
31:32 Fletching
33:28 Two-Man Saw
33:02 Crop Rotation
33:32 Guilds
33:28 Elite Skirmisher
33:28 Crossbowman
34:14 Thumb Ring
34:30 Loom
34:45 Bodkin Arrow
35:55 Chemistry
34:51 Murder Holes
35:27 Architecture
35:56 Padded Archer Armor
36:06 Forging
36:02 Squires
35:22 Pikeman
36:48 Conscription
35:50 Elite War Elephant
36:33 Kamandaran
37:31 Leather Archer Armor
37:22 Scale Barding Armor
37:19 Scale Mail Armor
38:53 Hoardings
38:34 Husbandry
38:45 Bloodlines
40:17 Ring Archer Armor
40:24 Iron Casting
40:10 Chain Barding Armor
40:06 Chain Mail Armor
39:46 Heated Shot
39:47 Guard Tower
40:12 Citadels
42:26 Town Watch
43:44 Blast Furnace
44:47 Light Cavalry
45:20 Halberdier
45:27 Hussar
49:16 Plate Barding Armor
49:22 Plate Mail Armor
63:41 Cavalier
63:44 Heavy Camel Rider
65:55 Town Patrol
Антон Романович
9:28 Feudal Age
9:55 Horse Collar
10:04 Double-Bit Axe
18:14 Castle Age
18:13 Gold Mining
18:14 Stone Mining
19:20 Bow Saw
19:13 Heavy Plow
19:54 Fervor
21:02 Stone Shaft Mining
22:10 Wheelbarrow
21:21 Loom
24:57 Hand Cart
26:09 Elite Skirmisher
28:07 Town Watch
29:37 Town Patrol
29:42 Herbal Medicine
30:08 Sanctity
30:41 Hill Forts
36:06 Imperial Age
36:22 Forging
36:13 Scale Mail Armor
36:18 Scale Barding Armor
36:14 Padded Archer Armor
36:04 Fletching
36:30 Fortified Wall
36:15 Murder Holes
36:41 Ballistics
36:32 Masonry
36:04 Treadmill Crane
36:55 Thumb Ring
37:28 Conscription
37:10 Tower Shields
37:51 Hoardings
38:36 Chemistry
38:07 Chain Mail Armor
37:55 Elite Leitis
40:27 Two-Man Saw
40:09 Crop Rotation
40:54 Iron Casting
43:38 Block Printing
45:43 Architecture
47:12 Chain Barding Armor
46:47 Bodkin Arrow
47:08 Leather Archer Armor
47:20 Squires
46:41 Pikeman
48:42 Arson
49:04 Halberdier
54:28 Plate Barding Armor
53:54 Bracer
54:24 Ring Archer Armor
65:35 Illumination
65:45 Theocracy
65:11 Devotion
65:23 Devotion
Connection lost

Rejoining the realm…

Still unreachable

The connection could not be restored.

Session expired

The server has moved on; the page needs a fresh start.